 Dungeon Crawl Stone Soup version 0.21.0-3-g78d12a8 (webtiles) character file.

589877 nikopol the Conqueror (level 26, -4/239 HPs)
             Began as a Minotaur Berserker on Jan 10, 2018.
             Was the Champion of Trog.
             Slain by an azure jelly (15 damage)
             ... created by the Royal Jelly
             ... while paralysed
             ... on level 4 of the Pits of Slime on Jan 14, 2018.
             The game lasted 05:01:58 (69292 turns).

nikopol the Conqueror (Minotaur Berserker)         Turns: 69292, Time: 05:01:59

Health: -4/239     AC: 29    Str: 32      XL:     26   Next: 18%
Magic:  11/11      EV:  2    Int: -1 (1)  God:    Trog [******]
Gold:   3679       SH:  0    Dex: 25 (26) Spells: 25/25 levels left

rFire    + + .     SeeInvis +   a - +11 battleaxe of Watchfulness {protect, rElec rF+ Dex+2 Stlth+}
rCold    . . .     Gourm    .   (shield currently unavailable)
rNeg     + . .     Faith    +   P - +1 plate armour of Distant Worlds {rCorr}
rPois    +         Spirit   .   g - +2 hat {MR+}
rElec    +         Reflect  .   U - +0 cloak of the Moneychanger {Regen+ Dex+2}
rCorr    +         Harm     .   Z - +2 pair of gloves {Str+3}
MR       +++..                  t - +1 pair of boots
Stlth    +.........             b - amulet of Hesusme {Faith rElec rPois rN+ Str+3}
HPRegen  0.89/turn              Q - ring of Masoh {MR+ Str+3 Dex+4 Stlth+}
MPRegen  0.12/turn              n - ring of Tender Moments {rElec rPois rF+ MP-9 SInv}

@: paralysed, corroded, protection aura, slowed, lost intelligence
A: retaliatory headbutt, horns 2, deformed body, deterioration 2, dopey 2, frail
1, low mp 1, weak 1, subdued magic 1, MP-powered wands
}: 3/15 runes: barnacled, silver, gossamer
a: Berserk, Trog's Hand, Brothers in Arms, Burn Spellbooks, Renounce Religion


You were on level 4 of the Pits of Slime.
You worshipped Trog.
Trog was exalted by your worship.
You were not hungry.

You visited 9 branches of the dungeon, and saw 49 of its levels.
You visited 1 bazaar.
You also visited: Ice Cave and Volcano.

You collected 6630 gold pieces.
You spent 2951 gold pieces at shops.

Inventory:

Hand Weapons
 a - the +11 battleaxe of Watchfulness (weapon) {protect, rElec rF+ Dex+2 Stlth+}
   (Trog gifted it to you on level 6 of the Lair of Beasts)

   It protects the one who uses it against injury (+AC on strike).
   It affects your dexterity (+2).
   It protects you from fire.
   It insulates you from electricity.
   It makes you more stealthy.
 z - the +10 longbow "Ifrit" {flame, +Blink}
   (Trog gifted it to you on level 5 of the Vaults)

   It causes projectiles fired from it to burn those they strike, causing extra
   injury to most foes and up to half again as much damage against particularly
   susceptible opponents.
   It lets you blink.
 H - the +8 storm bow {elec}
   (Trog gifted it to you on level 2 of the Elven Halls)

   It charges the ammunition it shoots with electricity; occasionally upon a
   hit, such missiles may discharge and cause terrible harm.
 M - the +10 shortbow of Jebleim {speed, Stlth+}
   (Trog gifted it to you on level 1 of the Vaults)

   Attacks with this weapon are significantly faster.
   It makes you more stealthy.
 N - a +9 antimagic executioner's axe
Missiles
 s - 1430 arrows
Armour
 g - a +2 hat of magic resistance (worn)
 t - a +1 pair of boots (worn)
 P - the +1 plate armour of Distant Worlds (worn) {rCorr}
   (You bought it in a shop in a bazaar)

   It protects you from acid and corrosion.
 U - the +0 cloak of the Moneychanger (worn) {Regen+ Dex+2}
   (You found it on level 3 of the Lair of Beasts)

   It affects your dexterity (+2).
   It increases your rate of regeneration.
 Z - a +2 pair of gloves of strength (worn)
Jewellery
 b - the amulet of Hesusme (around neck) {Faith rElec rPois rN+ Str+3}
   (You acquired it on level 13 of the Dungeon)

   [amulet of faith]

   It allows you to gain divine favour quickly.
   It affects your strength (+3).
   It insulates you from electricity.
   It protects you from poison.
   It protects you from negative energy.
 e - an uncursed ring of protection from fire {unknown}
 n - the ring of Tender Moments (right hand) {rElec rPois rF+ MP-9 SInv}
   (You bought it in a shop in a bazaar)

   [ring of protection from fire]

   It protects you from fire.
   It insulates you from electricity.
   It protects you from poison.
   It affects your magic capacity (-9).
   It lets you see invisible.
 v - the amulet "Tessuces" {+Rage rPois rF+ Str+6, unknown}
   (You found it on level 5 of the Vaults)

   [amulet of rage]

   It affects your strength (+6).
   It protects you from fire.
   It protects you from poison.
   It lets you go berserk.
 x - a +5 amulet of reflection
 y - the ring "Goudyuc" {*Contam rF+++ EV+2 Str+7}
   (You took it off a deep elf elementalist on level 3 of the Elven Halls)

   [ring of evasion]

   It affects your evasion (+2).
   It affects your strength (+7).
   It renders you almost immune to fire.
   It causes magical contamination when unequipped.
 A - the ring of Quwuggit {rPois rN+}
   (You found it on level 3 of the Elven Halls)

   [ring of poison resistance]

   It protects you from poison.
   It protects you from negative energy.
 J - the ring "Medejera" {rCorr rN+ Int+4}
   (You found it on level 2 of the Elven Halls)

   [ring of resist corrosion]

   It affects your intelligence (+4).
   It protects you from negative energy.
 Q - the ring of Masoh (left hand) {MR+ Str+3 Dex+4 Stlth+}
   (You bought it in a shop in a bazaar)

   [ring of protection from magic]

   It affects your strength (+3).
   It affects your dexterity (+4).
   It affects your resistance to hostile enchantments.
   It makes you more stealthy.
Wands
 h - a wand of scattershot (5)
 C - a wand of paralysis (11)
 E - a wand of enslavement (16)
 I - a wand of disintegration (42)
 O - a wand of acid (47)
 S - a wand of iceblast (41)
 T - a wand of clouds (11)
 V - a wand of digging (40)
 X - a wand of flame (169)
Scrolls
 f - 14 scrolls of enchant armour
 i - 16 scrolls of remove curse
 j - 4 scrolls of fog
 k - 14 scrolls of teleportation
 p - 2 scrolls of enchant weapon
 u - a scroll of summoning
 w - 5 scrolls of fear
 D - 4 scrolls of magic mapping
 R - a scroll of blinking
 Y - 3 scrolls of holy word
Potions
 d - 18 potions of curing
 l - a potion of ambrosia
 m - 5 potions of agility
 o - 8 potions of might
 q - 3 potions of haste
 r - 13 potions of heal wounds
 B - 5 potions of invisibility
 F - 2 potions of magic
 K - a potion of resistance
 L - 6 potions of flight
 W - 3 potions of cancellation
Comestibles
 c - 81 rations


   Skills:
 O Level 27 Fighting
 O Level 27 Axes
 + Level 25.8 Bows
 + Level 21.6 Armour
 + Level 10.6 Dodging
 + Level 4.1 Stealth
 + Level 1.0 Evocations


You had 25 spell levels left.
You didn't know any spells.

Dungeon Overview and Level Annotations

Branches:
Dungeon (15/15)            Temple (0/1) D:7            Lair (6/6) D:11
 Shoals (4/4) Lair:2       Spider (4/4) Lair:2        Slime (5/5) Lair:6
    Orc (2/2) D:10            Elf (3/3) Orc:2        Vaults (5/5) D:13
  Crypt (0/3) Vaults:3     Depths (5/5) D:15            Zot (0/5) Depths:5

Altars:
Dithmenos
Gozag
Kikubaaqudgha
Qazlal
Ru
Uskayaw
Vehumet
Wu Jian
Yredelemnul
The Shining One
Jiyva
Lugonu

Shops:
D:12 (   Orc:2 (!?}   Elf:3 *   Vaults:2 =   Depths:2 !   Depths:3 !

Portals:
Hell: Depths:1 Depths:2 Depths:3 Depths:4 Depths:5
Abyss: Depths:4
Pandemonium: Depths:1 Depths:3 Depths:4 Depths:5
Ziggurat: Depths:2


Innate Abilities, Weirdness & Mutations

You reflexively headbutt those who attack you in melee.
You have a pair of horns on your head.
Armour fits poorly on your strangely shaped body.
Your body often deteriorates upon taking damage.
You are very dopey. (Int -4)
You are frail. (-10% HP)
Your magical capacity is low. (-10% MP)
You are weak. (Str -2)
Your spells are a little easier to cast, but a little less powerful.
You expend magic power (3 MP) to strengthen your wands.


Message History

Your body deteriorates!
You feel clumsy.
The azure jelly hits you but does no damage.
The azure jelly hits you.
* * * LOW HITPOINT WARNING * * *
The azure jelly hits you but does no damage.
The acid blob hits you!!
* * * LOW HITPOINT WARNING * * *
Your body deteriorates!
You feel dopey.
You are splashed with acid!
The acid burns!
You resist.
* * * LOW HITPOINT WARNING * * *
The azure jelly barely misses you.
The azure jelly hits you but does no damage. x2
The azure jelly hits you.
* * * LOW HITPOINT WARNING * * *
The death ooze hits you!
* * * LOW HITPOINT WARNING * * *
The death ooze completely misses you. The azure jelly hits you!
* * * LOW HITPOINT WARNING * * *
The azure jelly freezes you!
You die...

##.##...## #.....#
#...#....###....## ##.#......
#.....## # #........###......#
#### #.#......#.......####.#.
##......#.....#....#....
#######..<................#...
##.##.#.......JJ...............
#.............@J...............
##.##........JJJ...............
#...............#..............
##.............................>
#......(........................
##...####..................<..#.
#....###.....................##.
......##.........................
.....####.#.......#..#.......>...


You could see an acid blob, 4 azure jellies and a death ooze.

Vanquished Creatures
  the Royal Jelly (Slime:5)
  An ancient lich (Vaults:5)
  A juggernaut (Depths:4)
  Sojobo (Depths:1)
  Margery (Vaults:5)
  Bai Suzhen (Depths:1)
  3 golden dragons
  3 tentacled monstrosities
  Jorgrun (Vaults:5)
  2 deep elf blademasters (Elf:3)
  2 liches
  A quicksilver dragon (Vaults:5)
  3 deep elf master archers (Elf:3)
  4 titans
  2 krakens (Shoals:1)
  25 acid blobs
  5 shadow dragons
  8 sphinxes
  Polyphemus (Shoals:3)
  Gastronok (Lair:3)
  6 storm dragons
  Agnes (D:14)
  19 azure jellies
  Ilsuiw (Shoals:4)
  5 iron dragons
  10 fire giants
  A draconian monk (Depths:5)
  13 vault wardens
  6 tengu reavers
  A draconian knight (Depths:5)
  An orc warlord (Vaults:4)
  16 frost giants
  16 deep elf sorcerers
  5 ghost moths
  7 deep elf elementalists (Elf:3)
  4 emperor scorpions
  A balrug (Depths:5)
  5 ghouls (D:15)
  4 spriggan defenders (Depths:4)
  4 entropy weavers
  12 ironheart preservers
  A war gargoyle (Vaults:4)
  A reaper (Depths:1)
  23 stone giants
  25 very ugly things
  6 deep elf annihilators
  A vampire knight (Depths:5)
  14 deep elf demonologists
  6 dire elephants (Lair:6)
  7 spark wasps
  2 yellow draconians (Depths:5)
  3 green draconians (Depths:5)
  A red draconian (Depths:5)
  A purple draconian (Depths:5)
  Snorg (D:14)
  9 deep elf death magi
  A blizzard demon (Depths:4)
  10 ettins
  10 fire dragons
  A quicksilver dragon zombie (Depths:1)
  3 merfolk javelineers
  A crystal guardian (Vaults:3)
  7 death oozes
  5 merfolk impalers
  6 deep elf high priests
  Erolcha (Orc:2)
  3 rakshasas
  15 great orbs of eyes
  20 yaktaur captains
  6 hydras
  A catoblepas (Shoals:3)
  3 spriggan air magi
  A hell beast (Depths:3)
  Fannar (Lair:2)
  34 vault guards
  10 ice dragons
  11 centaur warriors
  An anaconda (Lair:6)
  A death knight (D:14)
  3 merfolk avatars
  13 ogre magi
  3 alligator snapping turtles
  4 merfolk aquamancers
  9 satyrs
  An alligator (shapeshifter) (Vaults:5)
  20 death yaks
  52 two-headed ogres
  2 tengu warriors
  12 deep troll shamans
  11 deep troll earth magi
  27 dancing weapons
  3 vampire magi
  Urug (D:10)
  5 orc high priests (Orc:2)
  34 hell knights
  A shock serpent (shapeshifter) (Depths:4)
  3 sun demons
  6 spriggan berserkers
  A titan zombie (Depths:2)
  A storm dragon zombie (Depths:2)
  26 deep elf knights
  8 spriggans
  A soul eater (Depths:4)
  20 skeletal warriors
  A salamander mystic (Depths:3)
  8 sea snakes
  A sixfirhy (Depths:3)
  5 iron trolls
  A spark wasp zombie (Depths:1)
  6 glowing orange brains
  31 deep trolls
  4 unseen horrors
  2 flayed ghosts (Vaults:2)
  6 wizards
  16 orc knights
  An infernal demonspawn (Depths:3)
  Pikel (D:4)
  13 necromancers
  5 phantasmal warriors
  2 anaconda skeletons (Volcano)
  20 deep elf archers
  13 harpies
  20 ironbrand convokers
  3 orc sorcerers
  An oklob plant (Lair:3)
  A mana viper (shapeshifter) (Depths:4)
  42 ugly things
  13 orb spiders
  10 manticores
  2 salamanders (Depths:3)
  A cyclops (shapeshifter) (Depths:2)
  9 shining eyes
  27 wolf spiders
  19 fauns
  85 deep elf magi
  2 moths of wrath
  9 cyclopes
  17 elephants
  A guardian serpent (shapeshifter) (Vaults:4)
  7 centaur zombies
  10 merfolk sirens
  A stone giant skeleton (Depths:2)
  An ice statue (IceCv)
  17 vault sentinels
  5 black mambas
  4 gargoyles
  2 centaur skeletons
  21 eyes of devastation
  2 smoke demons
  4 water nymphs
  A torpor snail (Lair:6)
  2 orange demons
  41 yaktaurs
  7 spiny frogs
  A yaktaur (shapeshifter) (Vaults:5)
  2 rime drakes
  A rime drake (shapeshifter) (Vaults:3)
  5 komodo dragons
  8 freezing wraiths
  2 ice devils (D:13)
  A yaktaur skeleton (Depths:1)
  2 red devils
  8 demonic crawlers
  17 polar bears
  7 trolls
  12 merfolk
  6 wind drakes
  3 tengu conjurers
  24 hornets
  31 jumping spiders
  20 blink frogs
  A small abomination (Depths:4)
  A raiju (shapeshifter) (Depths:2)
  A harpy skeleton (Volcano)
  The ghost of BonjourVileCrotch the Covert, an amateur FoAs (D:15)
  A hornet (shapeshifter) (Vaults:5)
  7 dream sheep
  17 hippogriffs
  100 slime creatures
  A sphinx simulacrum (Vaults:1)
  A snapping turtle (shapeshifter) (Vaults:4)
  7 snapping turtles
  The ghost of theanonym the Conjurer, an amateur OpCj (D:4)
  7 air elementals
  A human simulacrum (Vaults:3)
  12 water elementals
  54 redbacks
  A deep troll skeleton (Depths:1)
  2 flying skulls (Volcano)
  A spriggan (shapeshifter) (D:15)
  A fire dragon zombie (Depths:1)
  2 tarantellas (shapeshifter)
  2 ynoxinuls
  26 tarantellas
  4 wyverns
  3 wraiths
  2 basilisks (shapeshifter)
  A hungry ghost (D:7)
  2 basilisks
  3 fire elementals
  Grum (D:9)
  56 yaks
  A human (shapeshifter) (Vaults:3)
  A golden eye (shapeshifter) (Vaults:5)
  A hog (shapeshifter) (Depths:4)
  13 golden eyes
  A neqoxec (Depths:1)
  4 wargs
  10 water moccasins
  A naga (shapeshifter) (Depths:4)
  5 acid dragons
  A yaktaur simulacrum (Vaults:2)
  2 hell hounds (D:11)
  Duvessa (D:4)
  4 floating eyes
  A floating eye (shapeshifter) (Vaults:3)
  5 porcupines
  2 black bears
  2 eyes of draining (shapeshifter)
  35 orc warriors
  4 sky beasts
  2 necrophages (D:7)
  3 ice beasts
  2 slaves (D:4)
  3 phantoms
  22 ogres
  14 boggarts
  3 eyes of draining
  21 wolves
  14 crocodiles
  24 centaurs
  A gnoll sergeant (D:10)
  6 big kobolds
  13 bullfrogs
  2 earth elementals
  Dowan (D:4)
  A wyvern skeleton (D:12)
  5 scorpions
  7 killer bees
  10 wights
  A troll skeleton (Volcano)
  A vampire bat (Lair:4)
  9 electric eels
  3 howler monkeys (D:9)
  6 crimson imps
  3 quasits (Depths:4)
  3 bullfrog zombies
  6 hounds
  3 jellies
  34 orc priests
  32 orc wizards
  7 bullfrog skeletons
  An iron imp (Depths:4)
  Jessica (D:2)
  4 iguanas
  10 worker ants
  A killer bee zombie (D:10)
  A naga skeleton (Volcano)
  A hound skeleton (D:6)
  5 mummies (D:15)
  8 gnolls
  7 adders
  3 river rats (D:5)
  3 shadow imps
  A white imp (Depths:4)
  2 oozes
  An adder skeleton (D:7)
  4 dart slugs
  5 leopard geckos
  115 orcs
  3 giant cockroaches
  6 goblins
  3 hobgoblins
  5 jackals (D:6)
  20 kobolds
  5 quokkas
  12 bats
  4 frilled lizards
  A jackal skeleton (D:4)
  A jackal zombie (D:8)
  A quokka skeleton (D:8)
  6 rats
  4 fungi
  13 plants
  6 tentacles (Shoals:1)
  A withered plant (D:15)
2338 creatures vanquished.

Vanquished Creatures (collateral kills)
  A juggernaut (Depths:2)
  An acid blob (Slime:5)
  A very ugly thing (Depths:2)
  A spark wasp (Spider:4)
  A fire dragon (Depths:2)
  A death ooze (Slime:5)
6 creatures vanquished.

Vanquished Creatures (others)
  A spark wasp (Depths:2)
  A deep elf knight (Vaults:2)
  A deep elf mage (Elf:3)
  A yaktaur (Vaults:5)
  A polar bear (IceCv)
  A tarantella (Spider:4)
  A flying skull (Volcano)
  A water elemental (Elf:3)
  2 yaks (IceCv)
  A boggart (Depths:1)
  17 fungi
  26 plants
  7 tentacles (Shoals:1)
61 creatures vanquished.

Grand Total: 2405 creatures vanquished

Notes
Turn   | Place    | Note
-------+----------+-------------------------------------------
     0 | D:1      | nikopol the Minotaur Berserker began the quest for the Orb.
     0 | D:1      | Reached XP level 1. HP: 19/19 MP: 0/0
   310 | D:1      | Reached XP level 2. HP: 26/27 MP: 1/1
  1010 | D:2      | Reached XP level 3. HP: 32/33 MP: 2/2
  1026 | D:2      | Reached XP level 4. HP: 22/41 MP: 3/3
  1234 | D:2      | Noticed Jessica
  1250 | D:2      | Killed Jessica
  1456 | D:3      | Reached ** piety under Trog
  1517 | D:3      | Reached skill level 5 in Axes
  1517 | D:3      | Reached XP level 5. HP: 46/47 MP: 4/4
  2292 | D:4      | Noticed theanonym's ghost (amateur OpCj)
  2305 | D:4      | Killed theanonym's ghost
  2305 | D:4      | Reached skill level 5 in Fighting
  2305 | D:4      | Reached XP level 6. HP: 56/56 MP: 5/5
  2454 | D:5      | Entered Level 5 of the Dungeon
  2899 | D:5      | Reached XP level 7. HP: 51/61 MP: 6/6
  3356 | D:5      | Reached skill level 1 in Stealth
  3452 | D:4      | Noticed Pikel
  3466 | D:4      | Killed Pikel
  3466 | D:4      | Reached skill level 1 in Bows
  3466 | D:4      | Reached skill level 5 in Armour
  3466 | D:4      | Reached skill level 5 in Dodging
  3466 | D:4      | Reached XP level 8. HP: 70/70 MP: 7/7
  3591 | D:4      | Noticed Duvessa
  3610 | D:4      | Killed Duvessa
  3611 | D:4      | Noticed Dowan
  3619 | D:4      | Killed Dowan
  3880 | D:4      | Found a sacrificial altar of Ru.
  3886 | D:4      | Found a stormy altar of Qazlal.
  4907 | D:6      | Reached *** piety under Trog
  4980 | D:6      | Noticed a troll
  5157 | D:6      | Killed a troll
  5157 | D:6      | Reached XP level 9. HP: 77/78 MP: 8/8
  5845 | D:7      | HP: 5/118 [poisoned by an orc]
  5845 | D:7      | HP: 2/118 [necrophage (3)]
  5846 | D:7      | Reached skill level 5 in Bows
  5850 | D:7      | HP: 1/118 [poisoned by an orc]
  6377 | D:7      | Found an opulent altar of Gozag.
  6378 | D:7      | Found a staircase to the Ecumenical Temple.
  6528 | D:7      | Reached **** piety under Trog
  6716 | D:7      | Found an ornate altar of the Wu Jian Council.
  7432 | D:8      | Reached XP level 10. HP: 41/88 MP: 9/9
  7684 | D:8      | Got a crystal war axe
  7685 | D:8      | Identified the cursed +3 war axe of Dasul {chop, rC+} (You found it on level 8 of the Dungeon)
  7890 | D:8      | Received a gift from Trog
  7939 | D:8      | Reached skill level 10 in Axes
  8011 | D:8      | Noticed a two-headed hydra
  8016 | D:8      | Killed a one-headed hydra
  8698 | D:9      | Reached ***** piety under Trog
  8704 | D:9      | Received a gift from Trog
  8945 | D:9      | Noticed a two-headed ogre
  8956 | D:9      | Killed a two-headed ogre
  9256 | D:9      | Reached XP level 11. HP: 87/97 MP: 10/10
  9269 | D:9      | Noticed Grum
  9278 | D:9      | Killed Grum
  9287 | D:9      | Found a shadowy altar of Dithmenos.
  9300 | D:9      | Reached skill level 10 in Bows
  9407 | D:10     | Entered Level 10 of the Dungeon
  9423 | D:10     | Received a gift from Trog
  9907 | D:10     | Killed an unseen horror
 10019 | D:10     | Reached skill level 10 in Fighting
 10031 | D:10     | Noticed a two-headed ogre
 10045 | D:10     | Killed a two-headed ogre
 10396 | D:10     | Noticed Urug
 10482 | D:10     | Killed Urug
 10565 | D:10     | Found a staircase to the Orcish Mines.
 10772 | D:10     | Received a gift from Trog
 11539 | D:11     | Found a staircase to the Lair.
 11840 | D:11     | Killed an unseen horror
 11859 | D:11     | Noticed a five-headed hydra
 11871 | D:11     | Killed a four-headed hydra
 12297 | D:11     | Received a gift from Trog
 12304 | D:11     | Noticed a two-headed ogre
 12314 | D:11     | Killed a two-headed ogre
 12314 | D:11     | Reached XP level 12. HP: 110/110 MP: 11/11
 12462 | Lair:1   | Entered Level 1 of the Lair of Beasts
 13089 | Lair:1   | Received a gift from Trog
 13501 | Lair:2   | Reached skill level 10 in Armour
 13529 | Lair:2   | Noticed Fannar
 13544 | Lair:2   | Killed Fannar
 14198 | Lair:2   | Found a hole to the Spider Nest.
 14245 | Lair:2   | Found a staircase to the Shoals.
 14532 | Lair:3   | Noticed Gastronok
 14549 | Lair:3   | Killed Gastronok
 15008 | Lair:3   | Got a bloodstained cloak
 15014 | Lair:3   | Identified the cursed +0 cloak of the Moneychanger {Regen+ Dex+2} (You found it on level 3 of the Lair of Beasts)
 15075 | Lair:3   | Noticed a seven-headed hydra
 15098 | Lair:3   | Killed a six-headed hydra
 15098 | Lair:3   | Reached XP level 13. HP: 85/119 MP: 12/12
 15414 | Lair:3   | Received a gift from Trog
 16398 | Lair:4   | Received a gift from Trog
 16558 | Lair:5   | Found a dark tunnel.
 16576 | Volcano  | Entered a volcano
 18036 | Lair:5   | Received a gift from Trog
 18380 | Lair:5   | Reached XP level 14. HP: 132/132 MP: 13/13
 18671 | Lair:6   | Entered Level 6 of the Lair of Beasts
 19511 | Lair:6   | Reached skill level 15 in Bows
 19693 | Lair:6   | Found a staircase to the Slime Pits.
 20044 | Lair:6   | Reached skill level 15 in Fighting
 20430 | Lair:6   | Received a gift from Trog
 20434 | Lair:6   | Got a pitted battleaxe {god gift}
 20435 | Lair:6   | Identified the +11 battleaxe of Watchfulness {protect, rElec rF+ Dex+2 Stlth+} (Trog gifted it to you on level 6 of the Lair of Beasts)
 20675 | Lair:6   | Reached skill level 15 in Axes
 20941 | Orc:1    | Entered Level 1 of the Orcish Mines
 21199 | Orc:2    | Entered Level 2 of the Orcish Mines
 21227 | Orc:2    | Noticed Erolcha
 21232 | Orc:2    | Killed Erolcha
 21320 | Orc:2    | Found a staircase to the Elven Halls.
 21503 | Orc:2    | Reached ****** piety under Trog
 21789 | Orc:2    | Received a gift from Trog
 22002 | Orc:2    | Received a gift from Trog
 22061 | Orc:2    | Reached XP level 15. HP: 117/143 MP: 14/14
 22191 | Orc:2    | Received a gift from Trog
 22349 | Orc:2    | Found Izi Nyn's Weapon Shoppe.
 22352 | Orc:2    | Found Wiclyno's Magic Scroll Emporium.
 22353 | Orc:2    | Found Kutzood's Gadget Shoppe.
 22354 | Orc:2    | Found Orghebrast's Distillery.
 22367 | Orc:2    | Bought a scroll of teleportation for 45 gold pieces
 22367 | Orc:2    | Bought a scroll of enchant weapon for 112 gold pieces
 22367 | Orc:2    | Bought a scroll of enchant weapon for 112 gold pieces
 22367 | Orc:2    | Bought a scroll of magic mapping for 52 gold pieces
 22371 | Orc:2    | Bought a scroll of identify for 30 gold pieces
 22371 | Orc:2    | Bought a scroll of identify for 30 gold pieces
 22372 | Orc:2    | Identified 3 scrolls of acquirement
 23334 | D:12     | Found Qicuxeah's Weapon Shoppe.
 24126 | D:13     | Received a gift from Trog
 24212 | D:13     | Received a gift from Trog
 24286 | D:13     | Found a frozen archway.
 24419 | IceCv    | Entered an ice cave
 25164 | IceCv    | Noticed a frost giant
 25188 | IceCv    | Killed a frost giant
 25668 | D:13     | Got a brightly glowing ruby amulet
 25670 | D:13     | Identified the amulet of Hesusme {Faith rElec rPois rN+ Str+3} (You acquired it on level 13 of the Dungeon)
 25674 | D:13     | Got a steaming shield
 25683 | D:13     | Identified the +0 shield of the Morning {rPois} (You acquired it on level 13 of the Dungeon)
 25926 | D:13     | Found a gate to the Vaults.
 26381 | D:14     | Received a gift from Trog
 26476 | D:14     | Noticed Snorg
 26495 | D:14     | Killed Snorg
 26883 | D:14     | Noticed Agnes
 26890 | D:14     | Killed Agnes
 26890 | D:14     | Reached XP level 16. HP: 155/155 MP: 15/15
 27355 | D:15     | Entered Level 15 of the Dungeon
 27375 | D:15     | Noticed BonjourVileCrotch's ghost (amateur FoAs)
 27499 | D:15     | Killed BonjourVileCrotch's ghost
 28049 | D:15     | Received a gift from Trog
 28403 | D:15     | Found a staircase to the Depths.
 28553 | D:15     | Found a glowing golden altar of the Shining One.
 28723 | Spider:1 | Entered Level 1 of the Spider Nest
 28773 | Spider:1 | Received a gift from Trog
 29059 | Spider:1 | Received a gift from Trog
 29542 | Spider:1 | Received a gift from Trog
 30229 | Spider:2 | Received a gift from Trog
 30637 | Spider:3 | Reached XP level 17. HP: 166/166 MP: 16/16
 31365 | Spider:4 | Entered Level 4 of the Spider Nest
 31450 | Spider:4 | Received a gift from Trog
 32046 | Spider:4 | Received a gift from Trog
 33328 | Spider:4 | Got a gossamer rune of Zot
 33523 | Vaults:1 | Entered Level 1 of the Vaults
 33548 | Vaults:1 | Received a gift from Trog
 34404 | Vaults:1 | Received a gift from Trog
 34601 | Vaults:1 | Received a gift from Trog
 34604 | Vaults:1 | Got a crystal shortbow {god gift}
 34605 | Vaults:1 | Identified the +10 shortbow of Jebleim {speed, Stlth+} (Trog gifted it to you on level 1 of the Vaults)
 34895 | Vaults:1 | Reached XP level 18. HP: 155/178 MP: 17/17
 35392 | Vaults:2 | Reached skill level 15 in Armour
 35470 | Vaults:2 | Received a gift from Trog
 35617 | Vaults:2 | Found Pacionass's Jewellery Boutique.
 37068 | Vaults:3 | Received a gift from Trog
 37346 | Vaults:3 | Noticed a Brimstone Fiend
 37351 | Vaults:3 | HP: 4/180 [Brimstone Fiend/damnation[a lich] (54)]
 38104 | Vaults:3 | Received a gift from Trog
 38370 | Vaults:3 | Reached XP level 19. HP: 189/189 MP: 18/18
 38442 | Vaults:3 | Paralysed by a floating eye for 2 turns
 38451 | Vaults:3 | Received a gift from Trog
 38927 | Vaults:3 | Found a staircase to the Crypt.
 38927 | Vaults:3 | Found an ancient bone altar of Kikubaaqudgha.
 38927 | Vaults:3 | Found a basalt altar of Yredelemnul.
 39067 | Vaults:3 | Got a bloodstained shortbow
 39068 | Vaults:3 | Identified the +5 shortbow "Nuymuagagh" {venom, *Corrode rF+ rC+ Dex+2} (You found it on level 3 of the Vaults)
 39161 | Vaults:3 | Received a gift from Trog
 39732 | Vaults:4 | Received a gift from Trog
 40081 | Vaults:4 | Received a gift from Trog
 41026 | Vaults:4 | Received a gift from Trog
 41518 | Vaults:4 | Reached XP level 20. HP: 160/202 MP: 19/19
 41828 | Shoals:1 | Entered Level 1 of the Shoals
 43113 | Shoals:2 | Received a gift from Trog
 43524 | Shoals:3 | Noticed Polyphemus
 43726 | Shoals:3 | Killed Polyphemus
 44032 | Shoals:3 | Received a gift from Trog
 44408 | Shoals:4 | Entered Level 4 of the Shoals
 44945 | Shoals:4 | Received a gift from Trog
 45014 | Shoals:4 | Got a brightly glowing ring mail
 45475 | Shoals:4 | Got a barnacled rune of Zot
 45514 | Shoals:4 | Noticed Ilsuiw
 45534 | Shoals:4 | Killed Ilsuiw
 46008 | Elf:1    | Entered Level 1 of the Elven Halls
 46011 | Elf:1    | Received a gift from Trog
 46661 | Elf:1    | Received a gift from Trog
 46790 | Elf:1    | Found a flickering gateway to a bazaar.
 47064 | Elf:1    | Received a gift from Trog
 47153 | Elf:2    | Reached XP level 21. HP: 214/214 MP: 20/20
 47281 | Bazaar   | Entered a bazaar
 47281 | Bazaar   | Found Natsipam's General Store.
 47281 | Bazaar   | Found Owuakh's Jewellery Shop.
 47281 | Bazaar   | Found Zoac Qiurr's Antique Weapon Emporium.
 47425 | Bazaar   | Found Anwiu's Antique Armour Boutique.
 47433 | Bazaar   | Bought an ancient plate armour for 952 gold pieces
 47444 | Bazaar   | Identified the +4 ring mail of the Hurricane {rPois MR+ Str+6 Int-3} (You found it on level 4 of the Shoals)
 47454 | Bazaar   | Identified the cursed +1 plate armour of Distant Worlds {rCorr} (You bought it in a shop in a bazaar)
 47468 | Bazaar   | Found Tuokud's Magic Scroll Emporium.
 47497 | Bazaar   | Bought the ring of Tender Moments {rElec rPois rF+ MP-9 SInv} for 456 gold pieces
 47497 | Bazaar   | Bought the ring of Masoh {MR+ Str+3 Dex+4 Stlth+} for 792 gold pieces
 47744 | Elf:2    | Received a gift from Trog
 47745 | Elf:2    | Found the +8 storm bow {elec}
 47811 | Elf:2    | Found a huge runed gate.
 47811 | Elf:2    | Found a huge runed gate.
 47811 | Elf:2    | Found a huge runed gate.
 47811 | Elf:2    | Found a huge runed gate.
 47818 | Elf:2    | Found a huge runed gate.
 48146 | Elf:2    | Got a steaming amber ring
 48150 | Elf:2    | Gained mutation: You are dopey. (Int -2) [mutagenic glow]
 48204 | Elf:2    | Identified the ring "Medejera" {rCorr rN+ Int+4} (You found it on level 2 of the Elven Halls)
 48248 | Elf:2    | Received a gift from Trog
 48871 | Elf:3    | Entered Level 3 of the Elven Halls
 49077 | Elf:3    | Found Nudayxt's General Store.
 49114 | Elf:3    | Got a sparkling iron ring
 49174 | Elf:3    | Identified the ring of Quwuggit {rPois rN+} (You found it on level 3 of the Elven Halls)
 49236 | Elf:3    | Received a gift from Trog
 49419 | Elf:3    | Received a gift from Trog
 49565 | Elf:3    | Received a gift from Trog
 50304 | Elf:3    | Received a gift from Trog
 50377 | Elf:3    | Found a radiant altar of Vehumet.
 50662 | Elf:3    | Received a gift from Trog
 50688 | Elf:3    | Reached XP level 22. HP: 207/226 MP: 12/21
 50716 | Elf:3    | Got a coiled granite ring
 50804 | Elf:3    | Identified the ring "Goudyuc" {*Contam rF+++ EV+2 Str+7} (You took it off a deep elf elementalist on level 3 of the Elven Halls)
 50909 | Elf:3    | Identified the Incunabulum of Blistering Sinister Magic
 50914 | Elf:3    | Received a gift from Trog
 50930 | Elf:3    | Got a bronze ring mail
 50960 | Elf:3    | Identified the +0 ring mail "Qatz" {rElec rC++ Int+4} (You found it on level 3 of the Elven Halls)
 51466 | D:15     | Received a gift from Trog
 51516 | Depths:1 | Entered Level 1 of the Depths
 51516 | Depths:1 | Noticed Sojobo
 51541 | Depths:1 | Killed Sojobo
 51668 | Depths:1 | Received a gift from Trog
 52060 | Depths:1 | Noticed Bai Suzhen
 52108 | Depths:1 | Killed Bai Suzhen
 52108 | Depths:1 | Reached skill level 10 in Dodging
 52454 | Depths:1 | Found a gateway to Hell.
 52586 | Depths:1 | Received a gift from Trog
 52620 | Depths:1 | Found a one-way gate leading to the halls of Pandemonium.
 52764 | Depths:1 | Found a corrupted altar of Lugonu.
 53065 | Depths:2 | Found a gateway to a ziggurat.
 53098 | Depths:2 | Found a transporter.
 53241 | Depths:2 | Received a gift from Trog
 53534 | Depths:2 | Found Udiviw's Distillery.
 53537 | Depths:2 | Bought a potion of heal wounds for 65 gold pieces
 53537 | Depths:2 | Bought a potion of heal wounds for 65 gold pieces
 53604 | Depths:2 | Received a gift from Trog
 53658 | Depths:2 | Received a gift from Trog
 53771 | Depths:2 | Found a transporter.
 54117 | Depths:2 | Received a gift from Trog
 54289 | Depths:2 | Noticed a juggernaut
 54309 | Depths:2 | Killed a juggernaut
 54528 | Depths:2 | Got a clouded wooden ring
 54531 | Depths:2 | Got a brightly glowing gossamer ring
 54537 | Depths:2 | Identified the ring of Mysticism {Wiz rPois rF- Int+4 Dex+4} (You found it on level 2 of the Depths)
 54540 | Depths:2 | Identified the ring "Kyonk" {*Slow rF+ Int+3 Stlth-} (You found it on level 2 of the Depths)
 54568 | Depths:2 | Got a heavily runed granite ring
 54570 | Depths:2 | Identified the ring of the Present {Dex+4 SInv Stlth+} (You found it on level 2 of the Depths)
 54627 | Depths:2 | Got a pitted scimitar
 54916 | Depths:3 | Reached XP level 23. HP: 228/238 MP: 13/22
 55308 | Depths:3 | Received a gift from Trog
 55460 | Depths:3 | Found the +2 ratskin cloak {+Rats rPois rN+ Str-1 Int-1 Dex+1}
 55931 | Depths:3 | Reached skill level 27 in Fighting
 55955 | Depths:3 | Found Xischic's Distillery.
 55979 | Depths:3 | Bought a potion of heal wounds for 120 gold pieces
 55979 | Depths:3 | Bought a potion of heal wounds for 120 gold pieces
 56857 | Depths:4 | Received a gift from Trog
 57165 | Depths:4 | Received a gift from Trog
 57334 | Depths:4 | Received a gift from Trog
 57414 | Depths:4 | Noticed a juggernaut
 57430 | Depths:4 | Killed a juggernaut
 57442 | Depths:4 | Paralysed by a floating eye for 2 turns
 57448 | Depths:4 | Paralysed by a floating eye for 3 turns
 57455 | Depths:4 | Paralysed by a floating eye for 2 turns
 57591 | Depths:4 | Paralysed by a floating eye for 4 turns
 57949 | Depths:4 | Received a gift from Trog
 58221 | Depths:4 | Received a gift from Trog
 58704 | Depths:4 | Noticed a juggernaut
 58744 | Depths:4 | Reached XP level 24. HP: 101/249 MP: 13/22
 58755 | Depths:4 | Found a one-way gate to the infinite horrors of the Abyss.
 58959 | Depths:4 | Found a corrupted altar of Lugonu.
 59140 | Depths:5 | Entered Level 5 of the Depths
 59224 | Depths:5 | Paralysed by a floating eye for 2 turns
 59348 | Depths:5 | Received a gift from Trog
 60003 | Depths:5 | Received a gift from Trog
 60351 | Depths:5 | Found a hide-covered altar of Uskayaw.
 60534 | Depths:5 | Found a gate to the Realm of Zot.
 60708 | Depths:5 | Found the +8 orange crystal plate armour {Archmagi, Int+3 Clar}
 61387 | Vaults:5 | Entered Level 5 of the Vaults
 61753 | Vaults:4 | Received a gift from Trog
 62911 | Vaults:5 | Reached XP level 25. HP: 195/256 MP: 13/22
 62914 | Vaults:5 | Received a gift from Trog
 62967 | Vaults:5 | Noticed Margery
 62991 | Vaults:5 | Killed Margery
 63168 | Vaults:5 | Received a gift from Trog
 63336 | Vaults:5 | Received a gift from Trog
 63486 | Vaults:5 | Received a gift from Trog
 63626 | Vaults:5 | Noticed an ancient lich
 63632 | Vaults:5 | Killed an ancient lich
 63641 | Vaults:5 | Got a crude copper ring
 63643 | Vaults:5 | Identified the ring of Butacof {MR+ Str+3 Dex+3} (You found it on level 5 of the Vaults)
 63695 | Vaults:5 | Got a blackened plate armour
 63706 | Vaults:5 | Identified the cursed +0 plate armour of the Spider Nest {-Tele rF+ Str+4 Slay+3} (You found it on level 5 of the Vaults)
 63741 | Vaults:5 | Got an ichor-stained scale mail
 63752 | Vaults:5 | Identified the cursed +1 scale mail of Cowardice {rElec Regen+ rCorr Str+3} (You found it on level 5 of the Vaults)
 63905 | Vaults:5 | Got a ring of the Octopus King
 64045 | Vaults:5 | Received a gift from Trog
 64049 | Vaults:5 | Got a faintly glowing longbow {god gift}
 64050 | Vaults:5 | Identified the +10 longbow "Ifrit" {flame, +Blink} (Trog gifted it to you on level 5 of the Vaults)
 64060 | Vaults:5 | Identified a ring of the Octopus King {rF+ AC+1 EV+1 Str+1 Int+1 Dex+1} (You took it off an ironheart preserver on level 5 of the Vaults)
 64379 | Vaults:5 | Got a wavering amethyst amulet
 64448 | Vaults:5 | Noticed Jorgrun
 64461 | Vaults:5 | Killed Jorgrun
 64783 | Vaults:5 | Got a silver rune of Zot
 65177 | Slime:1  | Entered Level 1 of the Pits of Slime
 65180 | Slime:1  | Received a gift from Trog
 65197 | Slime:1  | Gained mutation: You are frail. (-10% HP) [a shining eye]
 65199 | Slime:1  | Gained mutation: You are weak. (Str -2) [a shining eye]
 65208 | Slime:1  | Gained mutation: Your body sometimes deteriorates upon taking damage. [a shining eye]
 65210 | Slime:1  | Gained mutation: Your spells are a little easier to cast, but a little less powerful. [a shining eye]
 65906 | Slime:2  | Gained mutation: Your magical capacity is low. (-10% MP) [a shining eye]
 66557 | Slime:2  | Received a gift from Trog
 66567 | Slime:2  | Gained mutation: Your body often deteriorates upon taking damage. [a shining eye]
 67306 | Slime:4  | Reached skill level 27 in Axes
 67313 | Slime:4  | Received a gift from Trog
 67662 | Slime:5  | Entered Level 5 of the Pits of Slime
 67785 | Slime:5  | Reached XP level 26. HP: 235/238 MP: 11/20
 67854 | Slime:5  | Gained mutation: You expend magic power (3 MP) to strengthen your wands. [a shining eye]
 67856 | Slime:5  | Gained mutation: Armour fits poorly on your strangely shaped body. [a shining eye]
 67972 | Slime:5  | Gained mutation: You are very dopey. (Int -4) [a shining eye]
 68258 | Slime:5  | Found a viscous altar of Jiyva.
 68354 | Slime:5  | Found the amulet of the Air {Inacc +Fly rElec EV+5 RMsl}
 68686 | Slime:5  | Noticed the Royal Jelly
 69116 | Slime:5  | Killed the Royal Jelly
 69116 | Slime:5  | Reached skill level 1 in Evocations
 69291 | Slime:4  | Lost intelligence.
 69292 | Slime:4  | HP: 11/239 [azure jelly[the Royal Jelly] (7)]
 69292 | Slime:4  | Slain by an azure jelly

Skill      XL: |  1  2  3  4  5  6  7  8  9 10 11 12 13 14 15 16 17 18 19 20 21 22 23 24 25 26 |
---------------+-------------------------------------------------------------------------------+-----
Axes           | 4 5 6 8 9 10 11 12 13 15 17 18 19 20 21 22 23 25 27 | 27.0
Fighting       | 4 5 6 7 9 11 12 14 15 17 18 19 21 22 24 25 26 27 | 27.0
Dodging        | 3 4 5 6 7 8 9 10 | 10.6
Armour         | 3 5 7 8 9 10 11 12 13 14 15 16 17 18 20 21 | 21.6
Stealth        | 1 2 3 4 |  4.1
Bows           | 1 3 7 9 12 13 14 15 16 17 18 19 20 22 23 24 25 | 25.8
Evocations     | 1 |  1.0

Action                   |  1- 3 |  4- 6 |  7- 9 | 10-12 | 13-15 | 16-18 | 19-21 | 22-24 | 25-27 || total
-------------------------+-------+-------+-------+-------+-------+-------+-------+-------+-------++-------
Melee: Hand axe          |    43 |    97 |   248 |     5 |       |       |       |       |       ||   393
       Headbutt          |    10 |    20 |    62 |    82 |   193 |   197 |   164 |   308 |    88 ||  1124
       War axe           |       |       |       |   295 |   289 |       |       |       |       ||   584
       Battleaxe         |       |       |       |       |   312 |   580 |   482 |   812 |   237 ||  2423
       Shortbow          |       |       |       |       |       |     1 |       |       |       ||     1
 Fire: Shortbow          |       |       |   136 |   556 |  1027 |  1115 |  1650 |  1039 |   204 ||  5727
       Longbow           |       |       |       |       |     5 |       |       |    10 |   264 ||   279
Invok: Berserk           |     1 |     1 |     3 |     8 |     9 |       |       |     1 |     2 ||    25
       Trog's Hand       |       |       |     1 |       |       |       |     1 |       |       ||     2
       Burn Spellbooks   |       |       |       |     2 |     3 |     1 |     8 |     6 |     5 ||    25
       Brothers in Arms  |       |       |       |       |       |     1 |       |     1 |     1 ||     3
Evoke: Wand              |       |       |       |       |       |     2 |     1 |     3 |     2 ||     8
  Use: Scroll            |       |       |       |    12 |    19 |     7 |    16 |    14 |     3 ||    71
       Potion            |       |       |       |     1 |     2 |     1 |       |       |     1 ||     5
 Stab: Sleeping          |       |     1 |       |       |       |       |       |       |       ||     1
  Eat: Chunk             |       |     4 |    14 |    30 |    32 |    33 |    32 |    28 |     5 ||   178
       Ration            |       |     1 |     1 |     1 |     3 |     1 |     1 |     3 |     5 ||    16
Armor: Animal skin       |     3 |     9 |       |       |       |       |       |       |       ||    12
       Scale mail        |       |    13 |    74 |   132 |   115 |       |       |       |       ||   334
       Plate armour      |       |       |       |       |    11 |       |    79 |   539 |   272 ||   901
       Chain mail        |       |       |       |       |   134 |   417 |   212 |       |       ||   763
Dodge: Dodged            |    38 |    58 |   107 |   222 |   422 |   554 |   429 |   597 |   258 ||  2685
